TOP OF THE 1ST |
Tacoma Fur Traders batting - Pitching for Chesapeake Continentals : LHP Jeff Enamorado
|
Pitching: LHP Jeff Enamorado
|
|
Batting: RHB Alejandro Aquilera
|
0-0: Called Strike 0-1: Ball 1-1: Foul Ball, location: 2F 1-2: Ball 2-2: Strikes out looking
|
Batting: RHB Stan Wheeler
|
0-0: Ball 1-0: Called Strike 1-1: SINGLE (Groundball, 6D)
|
Batting: RHB Sinclair Bothof
|
0-0: Ball 1-0: Foul Ball, location: 2F 1-1: Fly out, F7 (Flyball, 7LM)
|
Batting: RHB Bill Perkins
|
0-0: Foul Ball, location: 2F 0-1: Ball Stan Wheeler is caught stealing 2nd base
|
Top of the 1st over - 0 runs, 1 hit, 0 errors, 0 left on base; Tacoma 0 - Chesapeake 0 |
BOTTOM OF THE 1ST |
Chesapeake Continentals batting - Pitching for Tacoma Fur Traders : LHP Kentaro Kato
|
Pitching: LHP Kentaro Kato
|
|
Batting: RHB Wes Griffith
|
0-0: Called Strike 0-1: SINGLE (Line Drive, 78S)
|
Batting: LHB Mathias Gudmestad
|
0-0: Called Strike 0-1: Ball 1-1: Ball 2-1: Called Strike 2-2: Strikes out swinging
|
Batting: RHB Santiago Valentín
|
0-0: Ball Wes Griffith steals 2nd base 1-0: Swinging Strike 1-1: Foul Ball, location: 2F 1-2: Ball 2-2: Ball 3-2: Foul Ball, location: 2F 3-2: Foul Ball, location: 2F 3-2: Strikes out swinging
|
Batting: RHB Gil Andersen
|
0-0: Ball 1-0: Ball 2-0: Foul Ball, location: 2F 2-1: SINGLE (Line Drive, 6) Wes Griffith to third Runner from 3rd tries for Home, SAFE, throw made home
|
Batting: LHB Raphaël Duval
|
0-0: Ball 1-0: Called Strike 1-1: Fly out, F9 (Flyball, 9S)
|
Bottom of the 1st over - 1 run, 2 hits, 0 errors, 1 left on base; Tacoma 0 - Chesapeake 1 |
TOP OF THE 2ND |
Tacoma Fur Traders batting - Pitching for Chesapeake Continentals : LHP Jeff Enamorado
|
Batting: RHB Bill Perkins
|
0-0: Called Strike 0-1: Foul Ball, location: 2F 0-2: Ball 1-2: Ball 2-2: Strikes out looking
|
Batting: RHB Josh Mawdesley
|
0-0: Ball 1-0: Ball 2-0: Swinging Strike 2-1: Called Strike 2-2: Strikes out swinging
|
Batting: RHB Robin Colwill
|
0-0: Foul Ball, location: 2F 0-1: Called Strike 0-2: Ball 1-2: Strikes out swinging
|
Top of the 2nd over - 0 runs, 0 hits, 0 errors, 0 left on base; Tacoma 0 - Chesapeake 1 |
BOTTOM OF THE 2ND |
Chesapeake Continentals batting - Pitching for Tacoma Fur Traders : LHP Kentaro Kato
|
Batting: RHB Nick Bechtel
|
0-0: Foul Ball, location: 2F 0-1: Called Strike 0-2: Strikes out swinging
|
Batting: RHB Brian Moring
|
0-0: Ball 1-0: Ball 2-0: Fly out, F7 (Flyball, 7S)
|
Batting: RHB Phil Oostermeer
|
0-0: SINGLE (Line Drive, 4D)
|
Batting: SHB Tomás Valdéz
|
0-0: Called Strike 0-1: Foul Ball, location: 2F 0-2: Ball Phil Oostermeer steals 2nd base 1-2: Strikes out looking
|
Bottom of the 2nd over - 0 runs, 1 hit, 0 errors, 1 left on base; Tacoma 0 - Chesapeake 1 |
TOP OF THE 3RD |
Tacoma Fur Traders batting - Pitching for Chesapeake Continentals : LHP Jeff Enamorado
|
Batting: RHB Michael Palledorous
|
0-0: Ball 1-0: Called Strike 1-1: Ball 2-1: Foul Ball, location: 2F 2-2: Foul Ball, location: 2F 2-2: Ball 3-2: SINGLE (Groundball, 4MD)
|
Batting: LHB Keizo Morishita
|
0-0: Ball 1-0: Called Strike 1-1: Ball 2-1: Ball 3-1: Swinging Strike 3-2: Strikes out swinging
|
Batting: LHB Vance Corkum
|
0-0: Called Strike 0-1: Ball 1-1: Ball 2-1: Fly out, F9 (Flyball, 89M)
|
Batting: RHB Alejandro Aquilera
|
0-0: Called Strike 0-1: SINGLE (Groundball, 6MS) (infield hit) Michael Palledorous to second
|
Batting: RHB Stan Wheeler
|
0-0: Ball 1-0: Foul Ball, location: 2F 1-1: Ball 2-1: Ball 3-1: Foul Ball, location: 2F 3-2: Foul Ball, location: 2F 3-2: Base on Balls Michael Palledorous to third Alejandro Aquilera to second
|
Batting: RHB Sinclair Bothof
|
0-0: Ball 1-0: Foul Ball, location: 2F 1-1: Ball 2-1: Reached on error, E6 (Groundball, 6) Michael Palledorous scores Alejandro Aquilera to third Stan Wheeler to second
|
Batting: RHB Bill Perkins
|
0-0: Ball 1-0: Ball 2-0: Called Strike 2-1: Swinging Strike 2-2: Foul Ball, location: 2F 2-2: Strikes out swinging
|
Top of the 3rd over - 1 run, 2 hits, 1 error, 3 left on base; Tacoma 1 - Chesapeake 1 |
BOTTOM OF THE 3RD |
Chesapeake Continentals batting - Pitching for Tacoma Fur Traders : LHP Kentaro Kato
|
Batting: RHB Wes Griffith
|
0-0: Foul Ball, location: 2F 0-1: Foul Ball, location: 2F 0-2: Ball 1-2: Strikes out swinging
|
Batting: LHB Mathias Gudmestad
|
0-0: Bunt missed! 0-1: Called Strike 0-2: Strikes out looking
|
Batting: RHB Santiago Valentín
|
0-0: Ball 1-0: Ball 2-0: Called Strike 2-1: SINGLE (Line Drive, 7S)
|
Batting: RHB Gil Andersen
|
0-0: Ball 1-0: Called Strike 1-1: SINGLE (Line Drive, 78S) Santiago Valentín to second
|
Batting: LHB Raphaël Duval
|
0-0: Ground out 4-3 (Groundball, 4)
|
Bottom of the 3rd over - 0 runs, 2 hits, 0 errors, 2 left on base; Tacoma 1 - Chesapeake 1 |
TOP OF THE 4TH |
Tacoma Fur Traders batting - Pitching for Chesapeake Continentals : LHP Jeff Enamorado
|
Batting: RHB Josh Mawdesley
|
0-0: Fly out, F9 (Flyball, 9LSF)
|
Batting: RHB Robin Colwill
|
0-0: Ball 1-0: Called Strike 1-1: Swinging Strike 1-2: Ball 2-2: Ball 3-2: Strikes out swinging
|
Batting: RHB Michael Palledorous
|
0-0: Called Strike 0-1: Ball 1-1: Foul Ball, location: 2F 1-2: Foul Ball, location: 2F 1-2: Foul Ball, location: 2F 1-2: Ball 2-2: Ball 3-2: Foul Ball, location: 2F 3-2: Base on Balls
|
Batting: LHB Keizo Morishita
|
0-0: Ball 1-0: Called Strike 1-1: Fly out, F9 (Flyball, 9)
|
Top of the 4th over - 0 runs, 0 hits, 0 errors, 1 left on base; Tacoma 1 - Chesapeake 1 |
BOTTOM OF THE 4TH |
Chesapeake Continentals batting - Pitching for Tacoma Fur Traders : LHP Kentaro Kato
|
Batting: RHB Nick Bechtel
|
0-0: Swinging Strike 0-1: Fly out, F9 (Flyball, 9S)
|
Batting: RHB Brian Moring
|
0-0: Ball 1-0: Fly out, F9 (Flyball, 9LDF)
|
Batting: RHB Phil Oostermeer
|
0-0: Ground out 3-1 (Groundball, 34)
|
Bottom of the 4th over - 0 runs, 0 hits, 0 errors, 0 left on base; Tacoma 1 - Chesapeake 1 |
TOP OF THE 5TH |
Tacoma Fur Traders batting - Pitching for Chesapeake Continentals : LHP Jeff Enamorado
|
Batting: LHB Vance Corkum
|
0-0: Ground out 1-3 (Groundball, 13)
|
Batting: RHB Alejandro Aquilera
|
0-0: Ball 1-0: Ball 2-0: Foul Ball, location: 2F 2-1: Foul Ball, location: 2F 2-2: SINGLE (Line Drive, 8RS)
|
Batting: RHB Stan Wheeler
|
0-0: Ball 1-0: Foul Ball, location: 2F 1-1: Ball 2-1: Foul Ball, location: 2F 2-2: Foul Ball, location: 2F 2-2: Ball 3-2: Fly out, F7 (Line Drive, 78S)
|
Pitching: LHP Bu-wei Law
|
|
Batting: RHB Sinclair Bothof
|
0-0: Ball 1-0: Ball 2-0: Called Strike 2-1: Ball 3-1: Foul Ball, location: 2F 3-2: Fly out, F9 (Flyball, 9LSF)
|
Top of the 5th over - 0 runs, 1 hit, 0 errors, 1 left on base; Tacoma 1 - Chesapeake 1 |
BOTTOM OF THE 5TH |
Chesapeake Continentals batting - Pitching for Tacoma Fur Traders : LHP Kentaro Kato
|
Batting: SHB Tomás Valdéz
|
0-0: Ground out 4-3 (Groundball, 4)
|
Batting: RHB Wes Griffith
|
0-0: Ball 1-0: Ball 2-0: Foul Ball, location: 2F 2-1: Ball 3-1: Called Strike 3-2: Foul Ball, location: 2F 3-2: Fly out, F7 (Flyball, 78S)
|
Batting: LHB Mathias Gudmestad
|
0-0: Called Strike 0-1: Ball 1-1: Ball 2-1: Called Strike 2-2: Foul Ball, location: 2F 2-2: Strikes out looking
|
Bottom of the 5th over - 0 runs, 0 hits, 0 errors, 0 left on base; Tacoma 1 - Chesapeake 1 |
TOP OF THE 6TH |
Tacoma Fur Traders batting - Pitching for Chesapeake Continentals : LHP Bu-wei Law
|
Batting: RHB Bill Perkins
|
0-0: Ball 1-0: Swinging Strike 1-1: Ball 2-1: Called Strike 2-2: SINGLE (Groundball, 3D)
|
Batting: RHB Josh Mawdesley
|
0-0: Ball 1-0: Reached on error, E6 (Groundball, 6) Bill Perkins to second
|
Batting: RHB Robin Colwill
|
0-0: Bunted foul 0-1: Sac Bunt - play at first, batter OUT! 1-4 Bill Perkins to third Josh Mawdesley to second
|
Batting: RHB Michael Palledorous
|
0-0: Intentional Walk
|
Batting: LHB Keizo Morishita
|
0-0: Called Strike 0-1: Ball 1-1: Foul Ball, location: 2F 1-2: Ball 2-2: Foul Ball, location: 2F 2-2: Ball 3-2: Base on Balls Bill Perkins scores Josh Mawdesley to third Michael Palledorous to second
|
Batting: LHB Vance Corkum
|
0-0: Called Strike 0-1: Ball 1-1: Ball 2-1: Called Strike 2-2: Strikes out swinging
|
Batting: RHB Alejandro Aquilera
|
0-0: Ball 1-0: Foul Ball, location: 2F 1-1: DOUBLE (Line Drive, 9D) Josh Mawdesley scores Michael Palledorous scores Keizo Morishita to third Runner from 3rd tries for Home, SAFE, no throw
|
Pitching: LHP Raúl Romero
|
|
Batting: RHB Stan Wheeler
|
0-0: Foul Ball, location: 2F 0-1: Ball 1-1: Foul Ball, location: 2F 1-2: Fly out, F4 (Flyball, 6MD)
|
Top of the 6th over - 4 runs, 2 hits, 1 error, 1 left on base; Tacoma 5 - Chesapeake 1 |
BOTTOM OF THE 6TH |
Chesapeake Continentals batting - Pitching for Tacoma Fur Traders : LHP Kentaro Kato
|
Batting: RHB Santiago Valentín
|
0-0: Ball 1-0: Foul Ball, location: 2F 1-1: Ball 2-1: Ball 3-1: SOLO HOME RUN (Flyball, 78XD), Distance : 403 ft
|
Batting: RHB Gil Andersen
|
0-0: SINGLE (Line Drive, 78S)
|
Batting: LHB Raphaël Duval
|
0-0: Ball 1-0: Ball 2-0: Ball 3-0: Called Strike 3-1: Base on Balls Gil Andersen to second
|
Batting: RHB Nick Bechtel
|
0-0: Ball 1-0: Swinging Strike 1-1: Foul Ball, location: 2F 1-2: Strikes out swinging
|
Batting: RHB Brian Moring
|
0-0: Called Strike 0-1: Ball 1-1: Foul Ball, location: 2F 1-2: Strikes out looking
|
Batting: RHB Phil Oostermeer
|
0-0: Called Strike 0-1: Hit by Pitch Gil Andersen to third Raphaël Duval to second
|
Batting: SHB Tomás Valdéz
|
0-0: SINGLE (Groundball, 56D) Gil Andersen scores Raphaël Duval to third Phil Oostermeer to second Runner from 3rd tries for Home, SAFE, no throw
|
Batting: RHB Wes Griffith
|
0-0: Ball 1-0: Swinging Strike 1-1: Foul Ball, location: 2F 1-2: Fly out, F7 (Line Drive, 78M)
|
Bottom of the 6th over - 3 runs, 3 hits, 0 errors, 2 left on base; Tacoma 5 - Chesapeake 4 |
TOP OF THE 7TH |
Tacoma Fur Traders batting - Pitching for Chesapeake Continentals : LHP Raúl Romero
|
Batting: RHB Sinclair Bothof
|
0-0: Foul Ball, location: 2F 0-1: Ball 1-1: Foul Ball, location: 2F 1-2: Ball 2-2: Ball 3-2: Strikes out looking
|
Batting: RHB Bill Perkins
|
0-0: Ball 1-0: Ball 2-0: Called Strike 2-1: Called Strike 2-2: Ball 3-2: Foul Ball, location: 2F 3-2: Fly out, F7 (Flyball, 78S)
|
Batting: RHB Josh Mawdesley
|
0-0: Single, Error in OF, E7, batter to second base
|
Batting: RHB Robin Colwill
|
0-0: SINGLE (Groundball, 34D) Josh Mawdesley to third Runner from 3rd tries for Home, SAFE, throw made home Robin Colwill to second
|
Batting: RHB Michael Palledorous
|
0-0: Called Strike 0-1: SINGLE (Line Drive, 56) Robin Colwill to third
|
Pinch Hitting: SHB Gilberto Chávez
|
0-0: Ball 1-0: Foul Ball, location: 2F 1-1: Fly out, F9 (Line Drive, 89M)
|
Top of the 7th over - 1 run, 3 hits, 1 error, 2 left on base; Tacoma 6 - Chesapeake 4 |
BOTTOM OF THE 7TH |
Chesapeake Continentals batting - Pitching for Tacoma Fur Traders : LHP Kentaro Kato
|
Now at 1B: Ricardo Sandoval
|
|
Batting: LHB Mathias Gudmestad
|
0-0: Called Strike 0-1: Called Strike 0-2: Fly out, F8 (Flyball, 8RM)
|
Batting: RHB Santiago Valentín
|
0-0: Ball 1-0: Swinging Strike 1-1: Fly out, F6 (Popup, P)
|
Batting: RHB Gil Andersen
|
0-0: Called Strike 0-1: Fly out, F8 (Line Drive, 8LM)
|
Bottom of the 7th over - 0 runs, 0 hits, 0 errors, 0 left on base; Tacoma 6 - Chesapeake 4 |
TOP OF THE 8TH |
Tacoma Fur Traders batting - Pitching for Chesapeake Continentals : LHP Raúl Romero
|
Batting: LHB Vance Corkum
|
0-0: Ball 1-0: Ball 2-0: Ground out 4-3 (Groundball, 4)
|
Batting: RHB Alejandro Aquilera
|
0-0: Foul Ball, location: 2F 0-1: Ball 1-1: Called Strike 1-2: Ground out U3 (Groundball, 34S)
|
Batting: RHB Stan Wheeler
|
0-0: Ball 1-0: Ball 2-0: SOLO HOME RUN (Flyball, 7LD), Distance : 370 ft
|
Batting: RHB Sinclair Bothof
|
0-0: Ball 1-0: Swinging Strike 1-1: Called Strike 1-2: Ball 2-2: SINGLE (Line Drive, 6MD)
|
Pitching: RHP Kent Randall
|
|
Batting: RHB Bill Perkins
|
0-0: Ball 1-0: Swinging Strike 1-1: Ball Sinclair Bothof steals 2nd base 2-1: Foul Ball, location: 2F 2-2: Foul Ball, location: 2F 2-2: Ball 3-2: Foul Ball, location: 2F 3-2: Base on Balls
|
Batting: RHB Josh Mawdesley
|
0-0: Called Strike 0-1: Fly out, F8 (Flyball, 8RS)
|
Top of the 8th over - 1 run, 2 hits, 0 errors, 2 left on base; Tacoma 7 - Chesapeake 4 |
BOTTOM OF THE 8TH |
Chesapeake Continentals batting - Pitching for Tacoma Fur Traders : LHP Kentaro Kato
|
Batting: LHB Raphaël Duval
|
0-0: Called Strike 0-1: Ball 1-1: Ball 2-1: DOUBLE (Line Drive, 89D)
|
Batting: RHB Nick Bechtel
|
0-0: Ball 1-0: Foul Ball, location: 2F 1-1: Called Strike 1-2: Strikes out swinging
|
Batting: RHB Brian Moring
|
0-0: Ball 1-0: Called Strike 1-1: Ball Wild Pitch! Raphaël Duval to third 2-1: Swinging Strike 2-2: Fly out, F9 (Line Drive, 9) Runner from 3rd tags up, SCORES, throw made
|
Batting: RHB Phil Oostermeer
|
0-0: Ball 1-0: Ball 2-0: Foul Ball, location: 2F 2-1: Foul Ball, location: 2F 2-2: Ball 3-2: Base on Balls
|
Pitching: RHP Arie de Nooyer
|
|
Batting: SHB Tomás Valdéz
|
0-0: Swinging Strike 0-1: Ball 1-1: Foul Ball, location: 2F 1-2: Ball 2-2: Ball 3-2: Strikes out looking
|
Bottom of the 8th over - 1 run, 1 hit, 0 errors, 1 left on base; Tacoma 7 - Chesapeake 5 |
TOP OF THE 9TH |
Tacoma Fur Traders batting - Pitching for Chesapeake Continentals : RHP Kent Randall
|
Batting: RHB Robin Colwill
|
0-0: Foul Ball, location: 2F 0-1: Ball 1-1: Ball 2-1: Foul Ball, location: 2F 2-2: Strikes out swinging
|
Batting: RHB Michael Palledorous
|
0-0: Foul Ball, location: 2F 0-1: Ball 1-1: Ground out 4-3 (Groundball, 4)
|
Batting: RHB Ricardo Sandoval
|
0-0: Foul Ball, location: 2F 0-1: Called Strike 0-2: Ball 1-2: Strikes out swinging
|
Top of the 9th over - 0 runs, 0 hits, 0 errors, 0 left on base; Tacoma 7 - Chesapeake 5 |
BOTTOM OF THE 9TH |
Chesapeake Continentals batting - Pitching for Tacoma Fur Traders : RHP Arie de Nooyer
|
Pitching: RHP Jeffrey Chesser
|
|
Batting: RHB Wes Griffith
|
0-0: Ball 1-0: Ball 2-0: Ball 3-0: Base on Balls
|
Batting: LHB Mathias Gudmestad
|
0-0: Called Strike 0-1: Foul Ball, location: 2F 0-2: Ball 1-2: Ball 2-2: Fly out, F8 (Flyball, 8LD)
|
Batting: RHB Santiago Valentín
|
0-0: Ball 1-0: Fielders Choice at 2nd, 1-6 (Groundball, P)
|
Batting: RHB Gil Andersen
|
0-0: Ball 1-0: Swinging Strike 1-1: Fielders Choice at 2nd, 5-4 (Groundball, 56)
|
Bottom of the 9th over - 0 runs, 0 hits, 0 errors, 1 left on base; Tacoma 7 - Chesapeake 5 |
|